[Event "*** Titled Tuesday Blitz"]
[Site "Chess.com"]
[Date "2020.05.26"]
[Round "9"]
[White "Gurvich_Vitaly"]
[Black "1stSecond"]
[Result "0-1"]
[WhiteElo "2546"]
[BlackElo "2702"]
[TimeControl "180+1"]
[EndTime "11:50:12 PDT"]
[Termination "1stSecond won by resignation"]

1. e4 d5 2. d3 dxe4 3. dxe4 Qxd1+ 4. Kxd1 Nf6 5. f3 e5 6. Be3 Nbd7 7.
Nd2 Bc5 8. Bxc5 Nxc5 9. c3 Be6 10. Kc2 a5 11. Bc4 Ke7 12. Ne2 c6 13. a4 Rhd8 14. Bxe6 Kxe6 15. Nc4 Ne8 16. Ng3 g6 17. Rhd1 Rxd1 18.
Kxd1 Nd6 19. Nxd6 Kxd6 20. Kc2 Ke6 21. Ne2 f5 22. exf5+ gxf5 23. f4 e4 24. b3 Rd8 25.
Nd4+ Kf6 26. g3 h5 27. Rb1 h4 28. b4 axb4 29. Rxb4 hxg3 30. hxg3 Rh8 31. Rc4 Rh2+ 32. Kd1 Nd3 0-1

[Event "*** Titled Tuesday Blitz"]
[Site "Chess.com"]
[Date "2020.05.26"]
[Round "9"]
[White "mr65"]
[Black "CraiggoryC"]
[Result "1-0"]
[WhiteElo "2167"]
[BlackElo "2086"]
[TimeControl "180+1"]
[EndTime "11:50:12 PDT"]
[Termination "mr65 won on time"]

1. e4 e6 2. d4 d5 3. Nc3 Bb4 4.
e5 c5 5. a3 Bxc3+ 6. bxc3 Ne7 7. Nf3 Nbc6 8. a4 Qa5 9. Qd2 O-O 10. Ba3 b6 11. Be2 Ba6 12. Bxa6 Qxa6 13. dxc5 Qxa4 14. cxb6 Qe4+ 15. Qe2 axb6 16. Qxe4 dxe4 17. Nd2 Ra4 18. Ke2 Rfa8 19. Bb2 Nxe5 20. c4 Rxa1 21. Rxa1 Rxa1 22. Bxa1 Ng4 23. Bd4 f5 24. Bxb6 Nxh2 25. c5 1-0

[Event "*** Titled Tuesday Blitz"]
[Site "Chess.com"]
[Date "2020.05.26"]
[Round "9"]
[White "2346PL"]
[Black "dopolian"]
[Result "1-0"]
[WhiteElo "2516"]
[BlackElo "2347"]
[TimeControl "180+1"]
[EndTime "11:50:17 PDT"]
[Termination "2346PL won on time"]

1. d4 Nf6 2. Bg5 d5 3. e3 e6 4. Bd3 Be7 5. Nd2 O-O 6. Ngf3 Nbd7 7. O-O c5 8. c3 Qc7 9. Qe2 Bd6 10. e4 dxe4 11. Nxe4 Nxe4 12. Qxe4 g6 13. Qh4 cxd4 14. cxd4 Qa5 15. Rae1 Re8 16. Ne5 Bf8 17. Re3 Bg7 18.
Rh3 Nxe5 19. Qxh7+ Kf8 20. Bh6 Bxh6 21. Qxh6+ Ke7 22. Qh4+ Kd7 23. dxe5 Qxe5 24. Rc1 a6 25. Qb4 b5 26. Be4 Rb8 27. Rd3+ 1-0

[Event "*** Titled Tuesday Blitz"]
[Site "Chess.com"]
[Date "2020.05.26"]
[Round "9"]
[White "Konek-Gorbunok"]
[Black "Makswolf200817"]
[Result "1-0"]
[WhiteElo "2255"]
[BlackElo "2371"]
[TimeControl "180+1"]
[EndTime "11:50:17 PDT"]
[Termination "Konek-Gorbunok won by resignation"]

1. d4 d5 2. Nf3 Nf6 3. g3 Bf5 4.
Bg2 e6 5. O-O c6 6. c4 Nbd7 7.
Nc3 h6 8. Nd2 Bh7 9. e4 dxe4 10.
Ndxe4 Be7 11. Be3 O-O 12. h3 Nxe4 13. Nxe4 Nf6 14. Nc3 Qc7 15. Qb3 Rfd8 16. Rfd1 Rac8 17. Rac1 Bf8 18. d5 e5 19. Bxa7 b5 20. cxb5 Qxa7 21.
b6 Qa5 22. dxc6 Rxd1+ 23. Rxd1 e4 24. c7 Bg6 25. Qb5 Qxb5 26. Nxb5 Bh5 1-0

[Event "*** Titled Tuesday Blitz"]
[Site "Chess.com"]
[Date "2020.05.26"]
[Round "9"]
[White "XxPetroffsxX"]
[Black "Quiet_Desperation"]
[Result "1/2-1/2"]
[WhiteElo "1946"]
[BlackElo "2196"]
[TimeControl "180+1"]
[EndTime "11:50:18 PDT"]
[Termination "Game drawn by repetition"]

1. e4 e6 2. d4 d5 3. Nc3 Nf6 4. e5 Nfd7 5. f4 c5 6. Nf3 Nc6 7. Be3 Be7 8. Qd2 O-O 9. h4 a6 10. h5 b5 11. O-O-O c4 12. f5 b4 13. Na4 exf5 14.
Bxc4 dxc4 15. d5 Ncxe5 16. Nxe5 Nxe5 17. d6 Bf6 18. Qxb4 Bd7 19. Nc5 Rb8 20. Qa3 Ng4 21. Bd4 Nf2 22. Bxf6 Qxf6 23. Nxd7 Qg5+ 24. Kb1 Nxh1 25.
Nxb8 Rxb8 26. d7 Rd8 27. Rxh1 Rxd7 28. Re1 h6 29. Qxa6 Rd8 30. Qxc4 Qxg2 31. a4 Qd5 32. Re8+ Kh7 33. Qxd5 Rxd5 34. Re7 Kg8 35. Re8+ Kh7 36. Re7 Kg8 37. Re8+ Kh7 1/2-1/2

[Event "*** Titled Tuesday Blitz"]
[Site "Chess.com"]
[Date "2020.05.26"]
[Round "9"]
[White "CarlssonLudvig"]
[Black "MMKZH22"]
[Result "1/2-1/2"]
[WhiteElo "2500"]
[BlackElo "2296"]
[TimeControl "180+1"]
[EndTime "11:50:20 PDT"]
[Termination "Game drawn by repetition"]

1. d4 d5 2. c4 c6 3. Nf3 Nf6 4. Nbd2 g6 5. e3 Bg7 6. b4 O-O 7. Bb2 a6 8. a4 Bg4 9. h3 Bxf3 10.
Nxf3 Nbd7 11. Be2 e6 12. O-O Ne4 13. Qb3 f5 14. b5 f4 15. Ba3 Rf5 16. Bd3 fxe3 17.
fxe3 Bh6 18. cxd5 Bxe3+ 19. Kh2 Bf4+ 20. Kg1 Be3+ 21. Kh2 Bf4+ 22. Kg1 Be3+ 1/2-1/2

[Event "*** Titled Tuesday Blitz"]
[Site "Chess.com"]
[Date "2020.05.26"]
[Round "9"]
[White "SGchess01"]
[Black "wnstop"]
[Result "0-1"]
[WhiteElo "2739"]
[BlackElo "2587"]
[TimeControl "180+1"]
[EndTime "11:50:22 PDT"]
[Termination "wnstop won by resignation"]

1. g3 Nf6 2. Bg2 d5 3. Nh3 h5 4. f4 h4 5. Nf2 Nbd7 6. e3 e5 7. Nc3 c6 8. d3 Bd6 9. e4 d4 10.
Ne2 hxg3 11. hxg3 Rxh1+ 12. Bxh1 Bb4+ 13. c3 dxc3 14. bxc3 Ba5 15. Kf1 Qe7 16. d4 exf4 17.
Nxf4 Nb6 18. e5 Nfd5 19. Nxd5 cxd5 20. Qb3 Bd7 21. a4 Rc8 22. Bd2 Nc4 23. Be1 Qg5 24. Qxb7 Qxg3 25. Bxd5 Ne3+ 26. Ke2 Nxd5 27. Qxd5 Bxc3 28.
Bxc3 Rxc3 29. Rd1 Rc2+ 0-1

[Event "*** Titled Tuesday Blitz"]
[Site "Chess.com"]
[Date "2020.05.26"]
[Round "9"]
[White "LedakovAlexandr"]
[Black "CroissantNeuf"]
[Result "1-0"]
[WhiteElo "2504"]
[BlackElo "2360"]
[TimeControl "180+1"]
[EndTime "11:50:23 PDT"]
[Termination "LedakovAlexandr won on time"]

1. d4 Nf6 2. Nf3 e6 3. Bg5 h6 4.
Bh4 b6 5. Nbd2 Bb7 6. e3 Be7 7. Bd3 g5 8. Bg3 g4 9. Ne5 h5 10. e4 d6 11. Nec4 d5 12. exd5 Qxd5 13. Qe2 Nc6 14. c3 Qxg2 15. O-O-O O-O-O 16. Ne3 Qh3 17. Qe1 h4 18. Bf1 hxg3 19. Bxh3 Rxh3 20. fxg3 Na5 21.
Qe2 Bxh1 22. Rxh1 Rdh8 23. Ndf1 Rg8 24. Rg1 Rh5 25. Rg2 Nc6 26. Rf2 Ra5 27. a3 Rf8 28.
Nxg4 Nxg4 29. Qxg4 1-0

[Event "*** Titled Tuesday Blitz"]
[Site "Chess.com"]
[Date "2020.05.26"]
[Round "9"]
[White "OK97"]
[Black "aNaartjieZA"]
[Result "1-0"]
[WhiteElo "2772"]
[BlackElo "2579"]
[TimeControl "180+1"]
[EndTime "11:50:27 PDT"]
[Termination "OK97 won by resignation"]

1. e4 e6 2. d4 d5 3. Nc3 Bb4 4.
e5 c5 5. a3 Bxc3+ 6. bxc3 Ne7 7. h4 Qc7 8. h5 cxd4 9. cxd4 Qc3+ 10. Bd2 Qxd4 11. Nf3 Qb6 12. Bd3 h6 13. Rh4 Nbc6 14. Rg4 Kf8 15. Rb1 Qc7 16. Qe2 Bd7 17. Rf4 Ke8 18. g4 d4 19. Nxd4 Nxe5 20. Bb5 N5c6 21. Bxc6 Bxc6 22. Nb5 Bxb5 23. Qxb5+ Nc6 24. Qxb7 Qxb7 25.
Rxb7 Nd8 26. Rc7 a6 27. Bb4 1-0

[Event "*** Titled Tuesday Blitz"]
[Site "Chess.com"]
[Date "2020.05.26"]
[Round "9"]
[White "SiddharthGMJagadeesh"]
[Black "Jungle_Jaguar"]
[Result "1-0"]
[WhiteElo "2428"]
[BlackElo "2556"]
[TimeControl "180+1"]
[EndTime "11:50:29 PDT"]
[Termination "SiddharthGMJagadeesh won by checkmate"]

1. e4 e5 2. Nf3 Nc6 3. Bb5 a6 4. Ba4 Nf6 5. d3 b5 6. Bb3 Be7 7. O-O d6 8. a3 O-O 9. Nc3 Na5 10.
Ba2 Be6 11. b4 Nb7 12. Bxe6 fxe6 13. Ne2 Qe8 14. c3 Nh5 15. d4 Qg6 16. dxe5 Rxf3 17. Ng3 Nxg3 18. hxg3 Rff8 19. exd6 Nxd6 20. e5 Nc4 21.
Qd7 Rf7 22. Qxc7 Bxb4 23. Qc6 Bxc3 24. Qxa8+ Rf8 25. Qxa6 Bxa1 26. Qxb5 Qe4 27. Bf4 Bxe5 28. Bxe5 Nxe5 29. a4 Ra8 30. a5 Qd5 31. Qa4 Rxa5 32. Qe8# 1-0

[Event "*** Titled Tuesday Blitz"]
[Site "Chess.com"]
[Date "2020.05.26"]
[Round "9"]
[White "dianosky"]
[Black "krasavetc"]
[Result "1-0"]
[WhiteElo "2386"]
[BlackElo "2249"]
[TimeControl "180+1"]
[EndTime "11:50:31 PDT"]
[Termination "dianosky won by resignation"]

1. d4 Nf6 2. c4 g6 3. Nc3 Bg7 4. e4 d6 5. f4 O-O 6. Be2 Nbd7 7. e5 dxe5 8. dxe5 Ne8 9. Be3 c6 10. Nf3 Nc7 11. O-O Ne6 12. b4 b6 13. Qb3 Bb7 14.
Rfd1 Qc7 15. Rac1 Rfd8 16. Nd5 cxd5 17. cxd5 Nec5 18. bxc5 Nxc5 19. Bxc5 bxc5 20. Bc4 Rab8 21. Qa3 Rbc8 22. Ng5 Qd7 23. Nxf7 Rf8 24. d6 e6 25. Ng5 Bd5 26. Rxd5 exd5 27. Bxd5+ Kh8 28. Be6 Qc6 29. Bxc8 Rxc8 30. Ne6 Bh6 31. Qxc5 1-0

[Event "*** Titled Tuesday Blitz"]
[Site "Chess.com"]
[Date "2020.05.26"]
[Round "9"]
[White "Colombiano07"]
[Black "SlavenPastar"]
[Result "1-0"]
[WhiteElo "2294"]
[BlackElo "2386"]
[TimeControl "180+1"]
[EndTime "11:50:33 PDT"]
[Termination "Colombiano07 won by resignation"]

1. e4 b6 2. d4 Bb7 3. Bd3 Nf6 4. Qe2 e6 5. a3 d5 6. Nc3 dxe4 7. Nxe4 Nbd7 8. Nf3 Be7 9. Bf4 O-O 10. O-O Rc8 11.
c4 c5 12. dxc5 Nxc5 13. Nxc5 Bxc5 14. b4 Bd6 15. Rad1 Bxf4 16. Bxh7+ Kxh7 17. Rxd8 Rfxd8 18. g3 Bh6 19. Rd1 Rxd1+ 20. Qxd1 Rxc4 21. Qd3+ Re4 22. Ne5 g6 23. f4 Kg8 24. Qd8+ Bf8 25. Qxf6 Rxe5 26.
Qxe5 a5 27. bxa5 Bc5+ 28. Kf1 Ba6+ 29. Ke1 Bxa3 30. axb6 1-0

[Event "*** Titled Tuesday Blitz"]
[Site "Chess.com"]
[Date "2020.05.26"]
[Round "9"]
[White "MilosJi"]
[Black "Arjun2002"]
[Result "0-1"]
[WhiteElo "2530"]
[BlackElo "2669"]
[TimeControl "180+1"]
[EndTime "11:50:34 PDT"]
[Termination "Arjun2002 won on time"]

1. Nf3 d5 2. c4 c6 3. Qb3 Nf6 4. d4 e6 5. g3 dxc4 6. Qxc4 b5 7. Qc2 Bb7 8. Bg2 a6 9. O-O Nbd7 10. a4 c5 11. Rd1 Qb6 12. axb5 axb5 13. Rxa8+ Bxa8 14.
Na3 Be7 15. Qb3 Bc6 16. Ne5 Nxe5 17. dxe5 Nd5 18. e4 c4 19. Qf3 Nb4 20. Qg4 g6 21.
Bh6 Nd3 22. Qe2 Bc5 0-1

[Event "*** Titled Tuesday Blitz"]
[Site "Chess.com"]
[Date "2020.05.26"]
[Round "9"]
[White "Gyapiking"]
[Black "Norival"]
[Result "1-0"]
[WhiteElo "2542"]
[BlackElo "2637"]
[TimeControl "180+1"]
[EndTime "11:50:37 PDT"]
[Termination "Gyapiking won by resignation"]

1. c4 e5 2. g3 Nf6 3. Bg2 d5 4. cxd5 Nxd5 5. Nc3 Nb6 6. e3 Be7 7. Nge2 O-O 8. O-O c6 9. f4 N8d7 10. d4 exd4 11. exd4 Nf6 12. f5 Nbd5 13. Kh1 b6 14. Nxd5 Nxd5 15. Nc3 Ba6 16. Rf2 Rc8 17. Nxd5 cxd5 18.
Bf4 Qd7 19. Qh5 Bd3 20. Re1 Bb4 21. Re5 Be4 22. f6 Bg6 23. Qh4 gxf6 24. Qxf6 Rc6 25. Qh4 Rd6 26. Bg5 Re8 27. Bf6 Ree6 28. g4 Qc6 29. g5 Rxe5 30. dxe5 Re6 31. Qxb4 1-0

[Event "*** Titled Tuesday Blitz"]
[Site "Chess.com"]
[Date "2020.05.26"]
[Round "9"]
[White "andy_rekt"]
[Black "rakshi2005"]
[Result "0-1"]
[WhiteElo "2165"]
[BlackElo "2329"]
[TimeControl "180+1"]
[EndTime "11:50:37 PDT"]
[Termination "rakshi2005 won by resignation"]

1. d4 Nf6 2. c4 g6 3. Nc3 Bg7 4. e4 d6 5. Nge2 O-O 6. Ng3 e5 7. d5 Nfd7 8. Be2 f5 9. exf5 gxf5 10. f4 e4 11. O-O Qf6 12. Be3 Na6 13. Nh5 Qg6 14.
Nxg7 Qxg7 15. Bd4 Nf6 16. Kh1 Kh8 17. Rg1 Bd7 18. g4 fxg4 19. Bxg4 Bxg4 20. Rxg4 Qe7 21. Qe1 Nc5 22. Qh4 Nd7 23. Rag1 Rg8 24. R1g2 e3 25. Ne4 Rxg4 26. Rxg4 Qxe4+ 27. Kg1 Qxd4 0-1

[Event "*** Titled Tuesday Blitz"]
[Site "Chess.com"]
[Date "2020.05.26"]
[Round "9"]
[White "m_ezat"]
[Black "Justinz"]
[Result "1-0"]
[WhiteElo "2495"]
[BlackElo "2350"]
[TimeControl "180+1"]
[EndTime "11:50:42 PDT"]
[Termination "m_ezat won by resignation"]

1. d4 Nf6 2. c4 e6 3. Nc3 Bb4 4.
e3 O-O 5. a3 Bxc3+ 6. bxc3 c5 7. Bd3 Nc6 8. Ne2 b6 9. O-O Ba6 10. e4 Ne8 11. Ng3 Na5 12. f4 Nd6 13. f5 Bxc4 14. f6 Bxd3 15. Qxd3 g6 16. Qe3 Kh8 17. e5 Nf5 18. Nxf5 gxf5 19. Qh3 Rg8 20. Bh6 Rg6 21. Bg7+ Kg8 22. Rf4 Rxg7 23. Rh4 Qf8 24. Rf1 Kh8 25. Rf3 cxd4 26. fxg7+ Qxg7 27. Rg3 1-0

[Event "*** Titled Tuesday Blitz"]
[Site "Chess.com"]
[Date "2020.05.26"]
[Round "9"]
[White "chenrip"]
[Black "vanyakuba"]
[Result "0-1"]
[WhiteElo "2297"]
[BlackElo "2468"]
[TimeControl "180+1"]
[EndTime "11:50:43 PDT"]
[Termination "vanyakuba won by resignation"]

1. e4 d5 2. exd5 Qxd5 3. Nc3 Qa5 4. Bc4 Nf6 5. h3 a6 6. d3 b5 7. Bb3 Bb7 8. Nf3 e6 9. Bd2 c5 10. Qe2 Nc6 11. O-O Qc7 12. a4 b4 13. Ne4 Be7 14. Be3 Nxe4 15. dxe4 Na5 16. Bg5 Bxg5 17. Nxg5 Qe5 18. f4 Qxb2 19. f5 Nxb3 20. fxe6 f6 21.
Nf7 O-O 22. Qg4 Nxa1 23. Nh6+ Kh8 24. Nf7+ Rxf7 25. exf7 Qd4+ 26. Kh1 Qxe4 27. Qxe4 Bxe4 28. Re1 f5 29. Rxa1 Rf8 0-1

[Event "*** Titled Tuesday Blitz"]
[Site "Chess.com"]
[Date "2020.05.26"]
[Round "9"]
[White "j2806"]
[Black "Walter_White_Poland"]
[Result "0-1"]
[WhiteElo "2020"]
[BlackElo "2193"]
[TimeControl "180+1"]
[EndTime "11:50:49 PDT"]
[Termination "Walter_White_Poland won by resignation"]

1. e4 e6 2. d4 d5 3. exd5 exd5 4. Bd3 c5 5. c3 c4 6. Bc2 Nf6 7. Nf3 Bd6 8. O-O O-O 9. Re1 h6 10. Nbd2 Bg4 11. h3 Bh5 12. Nf1 Nc6 13. Ng3 Bxg3 14. fxg3 Re8 15. g4 Bg6 16. Bxg6 fxg6 17. Ne5 g5 18. Nxc6 bxc6 19. Bd2 Qd6 20. Qf3 Ne4 21. Be3 Rab8 22. Qe2 Qg3 23. Qf3 Rxb2 24. Qxg3 Nxg3 25.
Kh2 Ne4 26. Rec1 Reb8 27. a4 Re2 28. Re1 Rxe1 29. Rxe1 Rb3 30. Rc1 Rxc3 0-1

[Event "*** Titled Tuesday Blitz"]
[Site "Chess.com"]
[Date "2020.05.26"]
[Round "9"]
[White "BogdanDeac"]
[Black "ameetghasi100"]
[Result "1-0"]
[WhiteElo "2935"]
[BlackElo "2705"]
[TimeControl "180+1"]
[EndTime "11:50:50 PDT"]
[Termination "BogdanDeac won by resignation"]

1. e4 c6 2. Nf3 d5 3. d3 dxe4 4. dxe4 Qxd1+ 5. Kxd1 g6 6. Bd2 Nf6 7. Bd3 Nbd7 8. Bc3 Nc5 9. Nbd2 Bg7 10. h3 O-O 11. a4 Rd8 12. Ke2 b6 13. Ne5 Nxd3 14.
cxd3 c5 15. Ndc4 Ba6 16. Rhd1 Rac8 17. Rac1 Ne8 18. b3 Nd6 19. g4 Rc7 20. f4 Nxc4 21.
bxc4 Bxe5 22. Bxe5 Rcd7 23. f5 f6 24. Bc3 Kf7 25.
Rd2 gxf5 26. exf5 h5 27. Rg1 hxg4 28. hxg4 Rg8 29. Ke3 Rdd8 30. Kf4 Rh8 31. Re1 Rh3 32. Rde2 Rd7 33. Re3 Rxe3 34. Rxe3 Bb7 35. a5 Bc6 36. axb6 axb6 37. Rh3 Kg8 38. g5 fxg5+ 39. Kxg5 Rd6 40.
Be5 Rd7 41. Kg6 Rd6+ 42. Bxd6 Be8+ 43. Kg5 exd6 44. Kf6 1-0

[Event "*** Titled Tuesday Blitz"]
[Site "Chess.com"]
[Date "2020.05.26"]
[Round "9"]
[White "NefeLV"]
[Black "KerryStead"]
[Result "1-0"]
[WhiteElo "1795"]
[BlackElo "2084"]
[TimeControl "180+1"]
[EndTime "11:50:51 PDT"]
[Termination "NefeLV won on time"]

1. c4 c5 2. Nc3 Nc6 3. e3 g6 4. d4 cxd4 5. exd4 Nf6 6. d5 Ne5 7.
f4 Neg4 8. h3 Nh6 9. g4 Qa5 10.
g5 Ne4 11. Qd4 Nxc3 12. bxc3 Nf5 13. Qxh8 f6 14. Bd2 d6 15. gxf6 exf6 16. Qxh7 Ne7 17. Bd3 f5 18. Nf3 Bd7 19. Nh4 O-O-O 20. Nxg6 Nxg6 21. Qxg6 Qb6 22. Bxf5 Bxf5 23. Qxf5+ Kb8 24. O-O-O Rc8 25. Kc2 Bg7 26. Rb1 Qa6 27. Rb2 1-0

[Event "*** Titled Tuesday Blitz"]
[Site "Chess.com"]
[Date "2020.05.26"]
[Round "9"]
[White "stoleriu"]
[Black "Evgeny81"]
[Result "0-1"]
[WhiteElo "2559"]
[BlackElo "2714"]
[TimeControl "180+1"]
[EndTime "11:50:55 PDT"]
[Termination "Evgeny81 won by resignation"]

1. e4 c5 2. Nf3 Nc6 3. Bb5 g6 4. Bxc6 dxc6 5. d4 cxd4 6. Qxd4 Qxd4 7. Nxd4 Bg7 8. Nb3 f5 9. exf5 Bxf5 10.
c3 O-O-O 11. Be3 Nf6 12. Bxa7 Nd5 13. Be3 Nxe3 14. fxe3 Rd3 15. Ke2 Bh6 16. N1d2 Rxe3+ 17. Kf2 Rf8 18. Rhe1 Bb1+ 19. Nf3 Rxe1 20. Kxe1 Be4 21. Ke2 Bd5 22. Re1 e5 23. Nbd2 e4 24. Nd4 e3 25.
N2f3 Bc4+ 26. Kd1 Bxa2 27. b3 c5 28. Ne6 Bxb3+ 0-1

[Event "*** Titled Tuesday Blitz"]
[Site "Chess.com"]
[Date "2020.05.26"]
[Round "9"]
[White "PIwan"]
[Black "silverback96"]
[Result "0-1"]
[WhiteElo "2496"]
[BlackElo "2327"]
[TimeControl "180+1"]
[EndTime "11:50:56 PDT"]
[Termination "silverback96 won by checkmate"]

1. c4 g6 2. d4 Bg7 3. e4 c5 4.
d5 e6 5. Nc3 exd5 6. cxd5 d6 7.
f3 Nf6 8. Bg5 O-O 9. Qd2 h5 10.
Nge2 a6 11. a4 Qe8 12. Ng3 Nh7 13. Bh6 h4 14. Bxg7 Kxg7 15. Nge2 f5 16. O-O-O b5 17. Nf4 b4 18. Nb1 Qxa4 19. Ne6+ Bxe6 20. dxe6 Nc6 21. exf5 Nd4 22. Bc4 d5 23. Bxd5 Rad8 24. e7 Rxd5 25. exf8=Q+ Nxf8 26. f6+ Kf7 27. Qf2 Nb3+ 28. Kc2 Nd4+ 29.
Kc1 Nfe6 30. Rxd4 Nxd4 31. Rd1 Nb3+ 32. Kc2 Na1+ 33. Kc1 Rxd1# 0-1

[Event "*** Titled Tuesday Blitz"]
[Site "Chess.com"]
[Date "2020.05.26"]
[Round "9"]
[White "ChessWarrior7197"]
[Black "gena217"]
[Result "1-0"]
[WhiteElo "2931"]
[BlackElo "2856"]
[TimeControl "180+1"]
[EndTime "11:50:58 PDT"]
[Termination "ChessWarrior7197 won by resignation"]

1. e4 c6 2. d4 d5 3. e5 Bf5 4. Nf3 e6 5. Be2 Ne7 6. O-O c5 7. c4 Nbc6 8. dxc5 d4 9. Bd3 Bxd3 10. Qxd3 Ng6 11. Qe4 Bxc5 12. Nbd2 O-O 13. Nb3 Qb6 14.
h4 h6 15. h5 Nge7 16. Bd2 a5 17. Nc1 Qa6 18. Nd3 b6 19. b3 Rad8 20. g4 Kh8 21.
Kg2 Qa8 22. g5 Nf5 23. a3 Be7 24. gxh6 gxh6 25. Kh3 Rg8 26. b4 Na7 27. Qxa8 Rxa8 28. b5 Nc8 29. a4 Bc5 30. Rab1 Rb8 31. Rb3 Bf8 32. Rc1 Nce7 33. c5 bxc5 34. Nxc5 Nd5 35. Nd7 Rd8 36. Nxf8 Rdxf8 37. b6 Rb8 38. b7 Kh7 39.
Rc5 d3 40. Rxa5 Nfe7 41. Rc5 1-0

[Event "*** Titled Tuesday Blitz"]
[Site "Chess.com"]
[Date "2020.05.26"]
[Round "9"]
[White "TokChess"]
[Black "lelajavakhishvili"]
[Result "0-1"]
[WhiteElo "2366"]
[BlackElo "2514"]
[TimeControl "180+1"]
[EndTime "11:51:01 PDT"]
[Termination "lelajavakhishvili won by resignation"]

1. Nf3 c5 2. g3 Nc6 3. Bg2 g6 4. O-O Bg7 5. c4 e6 6. Nc3 Nge7 7. d4 cxd4 8. Nb5 O-O 9. Nbxd4 d6 10. b3 e5 11. Nxc6 bxc6 12. Bb2 e4 13. Bxg7 exf3 14. Bxf8 fxg2 15. Kxg2 Kxf8 16. Qd4 Kg8 17. Rad1 Nf5 18.
Qf4 c5 19. Kg1 Bb7 20. e3 h5 21. Rd2 Qe7 22. Rfd1 Re8 23. h3 Ba8 24. Kh2 Qb7 25. Rd5 Qe7 26. Rxf5 gxf5 27. Qxf5 Qe5 28. Qxe5 dxe5 29. Rd7 Bf3 30. g4 h4 31. Kg1 a5 32.
Rd6 Kg7 33. g5 a4 34. Rf6 axb3 35. axb3 e4 0-1

[Event "*** Titled Tuesday Blitz"]
[Site "Chess.com"]
[Date "2020.05.26"]
[Round "9"]
[White "HouseOfDurin"]
[Black "PetrolulSah"]
[Result "0-1"]
[WhiteElo "2046"]
[BlackElo "2203"]
[TimeControl "180+1"]
[EndTime "11:51:02 PDT"]
[Termination "PetrolulSah won on time"]

1. d4 Nf6 2. Bg5 d5 3. Bxf6 exf6 4. e3 f5 5. c4 Be6 6. cxd5 Bxd5 7. Nc3 Be7 8. Nxd5 Qxd5 9. Ne2 O-O 10. Nc3 Qa5 11.
a3 f4 12. exf4 Bf6 13. Be2 Nc6 14. b4 Qf5 15. O-O Nxd4 16. Rc1 c6 17. g3 Rad8 18. Qa4 Rfe8 19. Bc4 b5 20. Bxb5 cxb5 21. Qxa7 Nf3+ 22. Kg2 Nh4+ 23. gxh4 Qg4+ 24. Kh1 Qf3+ 25. Kg1 Bxc3 26. Qc7 Bd2 0-1

[Event "*** Titled Tuesday Blitz"]
[Site "Chess.com"]
[Date "2020.05.26"]
[Round "9"]
[White "kushagramohan"]
[Black "pastouche06"]
[Result "1-0"]
[WhiteElo "2664"]
[BlackElo "2479"]
[TimeControl "180+1"]
[EndTime "11:51:04 PDT"]
[Termination "kushagramohan won by resignation"]

1. e4 c6 2. d4 d5 3. Nd2 dxe4 4. Nxe4 Bf5 5. Ng3 Bg6 6. h4 h6 7. Nf3 Nd7 8. h5 Bh7 9. Bd3 Bxd3 10. Qxd3 e6 11.
Bf4 Qa5+ 12. Bd2 Bb4 13. c3 Be7 14. c4 Qc7 15. d5 cxd5 16. cxd5 Qd6 17. Qb3 Ngf6 18.
dxe6 Qxe6+ 19. Qxe6 fxe6 20. Rc1 Nd5 21. Ne4 Kf7 22. g4 N7f6 23. Ne5+ Kg8 24. Nxf6+ gxf6 25. Ng6 Rh7 26. f4 Bd6 27. Kf2 Rc7 28. Rxc7 Bxc7 29. Re1 Kf7 30. f5 exf5 31. gxf5 Bb6+ 32. Kf3 Rc8 33. Bxh6 Rc2 34. Re2 Rc4 35. Bd2 Rd4 36. h6 Rd3+ 37. Kg2 1-0

[Event "*** Titled Tuesday Blitz"]
[Site "Chess.com"]
[Date "2020.05.26"]
[Round "9"]
[White "Slovak_fighter2000"]
[Black "ljuks68"]
[Result "1-0"]
[WhiteElo "2483"]
[BlackElo "2337"]
[TimeControl "180+1"]
[EndTime "11:51:05 PDT"]
[Termination "Slovak_fighter2000 won on time"]

1. e4 e6 2. Nf3 d5 3. e5 c5 4. b4 Nc6 5. bxc5 d4 6. Bd3 Bxc5 7.
Ba3 Qa5 8. Bxc5 Qxc5 9. Qe2 Nge7 10. O-O Ng6 11. Re1 b6 12. a4 Bb7 13. Na3 Nf4 14. Qf1 O-O 15. Be4 f5 16. exf6 gxf6 17. g3 f5 18. Bd3 Nb4 19. Ne5 Kh8 20. Bc4 Nbd5 21. Nd7 1-0

[Event "*** Titled Tuesday Blitz"]
[Site "Chess.com"]
[Date "2020.05.26"]
[Round "9"]
[White "mjray79"]
[Black "Savva09022009"]
[Result "1-0"]
[WhiteElo "2304"]
[BlackElo "2391"]
[TimeControl "180+1"]
[EndTime "11:51:05 PDT"]
[Termination "mjray79 won by checkmate"]

1. d4 Nf6 2. c4 e6 3. g3 d5 4.
Bg2 dxc4 5. Nf3 Nc6 6. O-O a6 7. e3 Rb8 8. Qe2 b5 9. Rd1 Be7 10. e4 O-O 11. a3 Bb7 12. Nc3 Qd7 13.
Ne5 Qe8 14. Nxc6 Bxc6 15. d5 exd5 16. exd5 Bb7 17. Bf4 Bd6 18. Qd2 Qd7 19. Ne4 Nxe4 20.
Bxe4 f5 21. Bg2 Rbe8 22. a4 Bxf4 23. Qxf4 Re2 24. axb5 axb5 25. Ra7 Rb8 26. Qd4 f4 27. Bf3 Ree8 28. Qxf4 Rf8 29. Qe3 Rbe8 30. Qc3 Ba8 31. Bg2 Qf5 32. Qd4 Re2 33. Rxc7 Rxf2 34. Qxg7# 1-0

[Event "*** Titled Tuesday Blitz"]
[Site "Chess.com"]
[Date "2020.05.26"]
[Round "9"]
[White "vinniethepooh"]
[Black "GMaka"]
[Result "1-0"]
[WhiteElo "2562"]
[BlackElo "2394"]
[TimeControl "180+1"]
[EndTime "11:51:09 PDT"]
[Termination "vinniethepooh won by resignation"]

1. d4 d5 2. c4 c6 3. Nc3 Nf6 4.
cxd5 cxd5 5. f3 g6 6. e4 dxe4 7. fxe4 Bg7 8. Nf3 O-O 9. Be2 Nc6 10. O-O Bg4 11. Be3 Bxf3 12. Bxf3 e5 13. d5 Nd4 14. Bxd4 exd4 15. Qxd4 Ng4 16. Qc5 Rc8 17. Qxa7 Rc4 18.
Rad1 Nxh2 19. Kxh2 Qh4+ 20. Kg1 Be5 21. Rf2 Bg3 22.
Qe3 f5 23. exf5 Rxf5 24. Ne2 Qh2+ 25. Kf1 Bxf2 26. Kxf2 Qh4+ 27. Kg1 Rc8 28. Qe6+ 1-0

[Event "*** Titled Tuesday Blitz"]
[Site "Chess.com"]
[Date "2020.05.26"]
[Round "9"]
[White "chesslh19"]
[Black "quesfr"]
[Result "1-0"]
[WhiteElo "2170"]
[BlackElo "2255"]
[TimeControl "180+1"]
[EndTime "11:51:10 PDT"]
[Termination "chesslh19 won by checkmate"]

1. e4 c5 2. Nf3 d6 3. d4 cxd4 4.
Nxd4 Nf6 5. Nc3 g6 6. Be3 Bg7 7.
f3 O-O 8. Qd2 Nc6 9. O-O-O d5 10. Kb1 e5 11. Nxc6 bxc6 12. exd5 cxd5 13. Nxd5 Nxd5 14.
Qxd5 Be6 15. Qxd8 Rfxd8 16. Rxd8+ Rxd8 17. Bd3 f5 18. b3 Rd7 19. Bc1 Bd5 20. Re1 Kf7 21. Bb2 Ke6 22. c4 Bxf3 23. Bxf5+ gxf5 24. gxf3 Rd2 25. Bxe5 Bxe5 26. f4 Rxh2 27. Rxe5+ Kf6 28. Ra5 h5 29. Ra6+ Ke7 30. Rxa7+ Kd6 31. Rf7 Ke6 32. Rh7 h4 33. a4 h3 34. a5 Rf2 35. Rxh3 Rxf4 36.
Kb2 Kd6 37. Rh6+ Kc5 38. a6 Rf2+ 39. Kc3 Rf1 40. b4# 1-0

[Event "*** Titled Tuesday Blitz"]
[Site "Chess.com"]
[Date "2020.05.26"]
[Round "9"]
[White "Paralinch"]
[Black "Quaternitychess"]
[Result "0-1"]
[WhiteElo "2868"]
[BlackElo "2820"]
[TimeControl "180+1"]
[EndTime "11:51:11 PDT"]
[Termination "Quaternitychess won by resignation"]

1. e4 c5 2. Nf3 e6 3. d4 cxd4 4. Nxd4 Nc6 5. Nc3 Qc7 6. Be2 a6 7. O-O Bc5 8. Be3 d6 9. Qd2 Nf6 10. Nxc6 Bxe3 11. Qxe3 bxc6 12. Rad1 O-O 13. Qg3 e5 14. f4 Qe7 15. h3 Rb8 16. b3 Rb4 17. a3 Rd4 18. Bd3 Nh5 19. Qe3 Nxf4 20. Rxf4 Rxd3 21. cxd3 exf4 22. Qxf4 a5 23. d4 h6 24. Kh2 Re8 25. Rd3 Be6 26. Rg3 g5 27. h4 f6 28.
e5 fxe5 29. dxe5 Rf8 30. Qe3 d5 31. hxg5 h5 32. Rf3 Rxf3 33. gxf3 Qxa3 34. Ne2 c5 35.
Nf4 Qb2+ 36. Kg3 h4+ 0-1